Map: Thunderbird LE

Players

fazzi

  • Race: Protoss Protoss
  • League: Diamond
  • Spawn Location: 5:00

Mez - Winner!

  • Race: Terran Terran
  • League: Master
  • Spawn Location: 11:00

VOD

Have the link to the VOD?

Description

Time

  • Played on: Aug. 15, 2019, 4:08 p.m.
  • Length: 13:35
Show
View Real Time Build Order
Export as new Build Order

fazzi Protoss 

Build Orders: Oracle Opening, Colossus Rush 

Get SALT Encoding   

  12  0:01  Probe  
  13  0:13  Probe  
  14  0:18  Pylon  
  14  0:25  Probe  
  15  0:34  Probe  
  15  0:41  Gateway  
  16  0:42  Probe  
  17  0:51  Probe  
  17  0:54  Assimilator  
  17  0:56  Assimilator  
  18  1:03  Probe  
  19  1:09  Pylon  
  19  1:15  Probe  
  20  1:27  Probe  
  20  1:28  Cybernetics Core  
  21  1:39  Probe  
  22  1:52  Probe  
  23  2:05  Nexus  
  23  2:06  Adept  
  25  2:10  Warp Gate  
  25  2:21  Stargate  
  25  2:24  Probe  
  26  2:36  Sentry  
  28  2:38  Probe  
  28  2:39  Pylon  
  29  2:50  Probe  
  30  2:57  Pylon  
  30  3:02  Probe  
  31  3:08  Oracle  
  34  3:23  Gateway  
  34  3:26  Probe x2, Gateway  
  36  3:33  Gateway  
  36  3:34  Probe  
  36  3:38  Probe  
  36  3:39  Sentry  
  39  3:45  Probe  
  39  3:47  Probe  
  40  3:53  Probe  
  42  3:55  Probe  
  42  4:02  Probe, Robotics Facility  
  44  4:03  Probe  
  46  4:11  Probe  
  46  4:14  Probe  
  48  4:23  Probe, Pylon  
  46  4:26  Probe  
  47  4:35  Probe  
  47  4:38  Probe  
  49  4:39  Stalker x4  
  49  4:43  Assimilator  
  49  4:44  Assimilator  
  57  4:48  Probe  
  57  4:50  Probe  
  59  4:54  Observer  
  60  5:00  Probe  
  60  5:01  Robotics Bay  
  60  5:02  Probe  
  60  5:03  Pylon  
  62  5:12  Probe  
  63  5:14  Probe, Warp Prism  
  63  5:19  Forge  
  63  5:20  Pylon  
  66  5:31  Probe  
  67  5:36  Protoss Ground Weapons Level 1  
  67  5:42  Probe  
  68  5:44  Observer  
  68  5:48  Extended Thermal Lance  
  68  5:50  Colossus  
  68  5:52  Twilight Council  
  67  6:09  Photon Cannon  
  73  6:12  Photon Cannon  
  73  6:13  Pylon  
  73  6:17  Photon Cannon  
  73  6:20  Photon Cannon  
  73  6:27  Adept x2  
  73  6:28  Adept x2  
  81  6:39  Colossus  
  81  6:43  Nexus  
  81  6:44  Observer  
  87  6:48  Blink  
  87  6:50  Probe x2, Pylon  
  87  6:52  Pylon  
  89  6:54  Sentry x2  
  93  7:03  Pylon  
  93  7:04  Pylon  
  93  7:09  Probe x2  
  95  7:21  Probe  
  96  7:23  Colossus  
  96  7:36  Probe  
  103  7:39  Pylon  
  103  7:40  Zealot x4, Protoss Ground Weapons Level 2  
  103  7:41  Pylon  
  111  7:44  Assimilator  
  111  7:49  Assimilator, Pylon  
  111  7:56  Pylon  
  111  8:01  Templar Archives, Probe x2  
  113  8:19  Probe x3  
  107  8:20  Photon Cannon  
  107  8:25  Immortal  
  97  8:31  Probe x2  
  99  8:35  Gateway  
  99  8:37  Gateway  
  99  8:39  Gateway  
  103  8:44  Probe x3, Charge  
  106  8:56  Probe x3  
  106  8:59  High Templar  
  106  9:00  High Templar x3  
  117  9:05  Observer  
  118  9:12  Archon x2  
  118  9:19  Colossus  
  124  9:40  Zealot x2  
  124  9:41  Zealot x5  
  125  9:53  Protoss Ground Weapons Level 3  
  111  10:02  Zealot x6  
  111  10:03  Zealot  
  111  10:06  Psionic Storm  
  119  10:07  Observer  
  119  10:18  Probe x3  
  123  10:28  Forge  
  123  10:30  Probe x3  
  123  10:33  High Templar x2  
  123  10:34  High Templar x2  
  134  10:36  Zealot x3  
  139  10:47  Protoss Ground Armor Level 1  
  139  10:52  Nexus  
  139  10:53  Robotics Facility  
  139  10:55  Immortal  
  143  11:04  Pylon  
  143  11:06  Probe x3  
  143  11:07  Pylon  
  143  11:10  Assimilator  
  146  11:11  Stalker x2  
  146  11:12  Stalker x2  
  146  11:15  Assimilator  
  146  11:18  Probe  
  155  11:25  Probe x2, Pylon  
  157  11:36  Photon Cannon  
  157  11:38  Photon Cannon  
  157  11:40  Zealot x2  
  157  11:41  Zealot x3  
  167  11:54  Zealot x2  
  167  11:59  Colossus  
  171  12:07  Warp Prism  
  179  12:21  High Templar x4  
  183  12:23  Probe x4  
  187  12:33  Archon  
  187  12:34  Fleet Beacon  
  187  12:35  Probe x3  
  187  12:36  Stargate  
  190  12:44  Probe  
  190  12:47  Probe  
  192  12:55  Nexus  
  192  13:00  Pylon  
  192  13:03  Pylon  
  193  13:18  Archon  
  193  13:19  Archon x2  
  137  13:21  Zealot x3  
  137  13:22  Zealot x4  
Show
View Real Time Build Order
Export as new Build Order

Mez Terran - Winner!

Build Orders: Reaper Expand 

Get SALT Encoding   

  12  0:00  SCV  
  13  0:12  SCV  
  14  0:17  Supply Depot  
  14  0:25  SCV  
  15  0:38  SCV  
  15  0:40  Barracks  
  16  0:45  Refinery  
  16  0:50  SCV  
  17  1:02  SCV  
  18  1:15  SCV  
  19  1:29  Reaper, Orbital Command  
  20  1:40  Command Center  
  20  1:52  Bunker  
  20  1:57  SCV  
  20  1:58  Supply Depot  
  21  2:01  Barracks Reactor  
  21  2:13  SCV  
  22  2:28  Command Center  
  22  2:32  SCV  
  23  2:38  Factory  
  23  2:42  Marine  
  23  2:43  Marine  
  25  2:46  SCV  
  26  2:57  Orbital Command  
  26  3:07  Marine x2  
  28  3:12  SCV  
  28  3:16  Refinery  
  28  3:24  SCV  
  28  3:25  Widow Mine, SCV, Starport  
  32  3:27  Marine  
  32  3:29  Marine  
  34  3:36  SCV  
  34  3:37  SCV  
  34  3:41  Orbital Command  
  36  3:48  Widow Mine, SCV  
  39  3:49  SCV  
  40  3:56  Marine  
  40  3:57  Marine  
  40  4:00  SCV  
  40  4:01  SCV  
  44  4:04  Starport Tech Lab  
  44  4:09  Refinery, Factory Tech Lab  
  44  4:12  SCV  
  44  4:14  Marine  
  44  4:15  Marine  
  47  4:24  Raven  
  47  4:25  SCV x2  
  47  4:29  Supply Depot  
  47  4:30  Barracks  
  51  4:34  SCV  
  51  4:37  SCV, Marine  
  51  4:38  Marine  
  55  4:42  Barracks  
  55  4:43  SCV  
  56  4:46  SCV, Factory Reactor  
  56  4:50  SCV  
  58  4:53  Supply Depot  
  58  4:55  SCV  
  58  4:58  Engineering Bay, SCV  
  60  5:01  Engineering Bay, Marine x2  
  60  5:04  SCV  
  64  5:07  SCV  
  65  5:15  Starport Reactor  
  65  5:17  SCV  
  65  5:20  Supply Depot  
  65  5:27  Refinery, Supply Depot  
  65  5:29  Terran Infantry Armor Level 1, Terran Infantry Weapons Level 1  
  65  5:33  Marine x2, Marauder  
  65  5:34  Marauder  
  71  5:38  Orbital Command  
  71  5:46  SCV x2  
  73  5:50  Bunker, Supply Depot  
  73  5:53  Stimpack, Combat Shield  
  73  5:55  Marauder x2  
  77  5:58  Widow Mine x2  
  77  5:59  Barracks  
  77  6:00  Marine x2, Barracks  
  83  6:04  SCV x3  
  83  6:09  Supply Depot  
  86  6:15  Medivac x2  
  90  6:21  Supply Depot  
  90  6:22  SCV x2  
  90  6:23  SCV, Supply Depot  
  90  6:25  Marauder x2  
  97  6:26  Marine x2  
  99  6:34  SCV  
  99  6:37  SCV x2  
  102  6:44  Armory  
  102  6:45  Widow Mine x2, Medivac x2  
  102  6:46  SCV  
  111  6:52  Bunker, Supply Depot  
  111  6:53  Barracks Reactor, Barracks Tech Lab  
  111  6:54  Supply Depot  
  111  6:59  Marine x2, Marauder x2  
  117  7:02  SCV x2  
  117  7:03  SCV  
  117  7:07  Refinery  
  120  7:10  Ghost Academy  
  120  7:14  SCV  
  120  7:15  SCV x2  
  121  7:17  Marine  
  121  7:18  Marine x2  
  121  7:21  Marauder  
  124  7:26  SCV, Marauder  
  125  7:32  SCV x2  
  125  7:35  Marine  
  125  7:36  Marine, Marauder  
  131  7:38  Marine  
  131  7:39  SCV  
  131  7:42  Marauder  
  135  7:44  SCV x2  
  135  7:48  Refinery  
  135  7:51  SCV  
  138  7:54  Marine x3  
  138  7:55  Terran Infantry Weapons Level 2  
  138  7:56  Terran Infantry Armor Level 2  
  141  8:03  Supply Depot  
  140  8:05  SCV  
  140  8:12  SCV, Marine  
  141  8:15  SCV  
  135  8:23  SCV  
  135  8:24  SCV  
  137  8:27  SCV  
  137  8:32  Marauder  
  137  8:33  Marauder  
  142  8:34  Marine  
  142  8:35  SCV, Marine x2, Marauder  
  142  8:36  SCV  
  142  8:41  Barracks  
  149  8:42  Barracks x2, Supply Depot  
  149  8:43  Supply Depot  
  149  8:44  Supply Depot  
  149  8:46  Supply Depot  
  149  8:49  Command Center  
  149  8:51  SCV  
  149  8:53  Supply Depot  
  150  8:57  Starport  
  150  9:02  Ghost  
  150  9:03  Ghost x2  
  150  9:09  Marine x4  
  160  9:13  Medivac x2  
  164  9:18  Supply Depot  
  160  9:45  Marauder x3  
  159  9:46  Barracks Tech Lab x2  
  159  9:47  Marine x3, Barracks Tech Lab  
  159  9:48  Viking x3  
  143  10:07  Marauder  
  124  10:09  Marauder  
  124  10:10  Marine x4, Marauder x4  
  124  10:13  Terran Infantry Armor Level 3, Terran Infantry Weapons Level 3  
  134  10:18  Viking  
  136  10:27  Viking x2, Marine  
  136  10:28  Marauder  
  143  10:30  Terran Ship Weapons Level 1  
  143  10:32  Marine, Marauder x3  
  150  10:41  Planetary Fortress  
  150  10:47  Missile Turret  
  150  10:48  Viking, Missile Turret, Refinery  
  152  10:58  Marauder x5  
  152  10:59  Marauder  
  152  11:01  SCV x3  
  167  11:07  Marine x3  
  170  11:14  Viking x2  
  174  11:19  Marauder x2  
  174  11:20  Ghost x3  
  174  11:21  Marine  
  185  11:27  Refinery  
  185  11:37  Marine  
  185  11:38  Marine x2, Marauder  
  185  11:39  Viking  
  192  11:44  Viking x2, Starport  
  196  12:10  Viking  
  196  12:14  Viking  
  200  12:22  Command Center  
  200  12:25  Sensor Tower  
Tags
 
Add a new tag
Caveats
  • Supply blocks, unpowered buildings, or Contaminate may cause inaccurate times.
  • Supply counts are checked every 10 seconds.